 Dungeon Sprint DCSS version 0.31-a0-16-g6d2539766c (webtiles) character file.

Game seed: 11630166040541249721

971 sircluck the Basher (level 7, 0/78 HPs)
             Began as a Minotaur Berserker on May 8, 2023.
             Was a Priest of Trog.
             Slain by a sixfirhy (12 damage)
             ... summoned by a kobold demonologist
             ... in the Dungeon (Sprint I: "Red Sonja").
             The game lasted 00:01:12 (752 turns).

sircluck the Basher (Minotaur Berserker)             Turns: 752, Time: 00:01:12

Health: 0/78       AC:  2    Str: 23    XL:     7   Next: 94%
Magic:  6/6        EV: 13    Int:  4    God:    Trog [***...]
Gold:   317        SH:  0    Dex: 10    Spells: 6/6 levels left

rFire   . . .        a - +0 mace
rCold   . . .        (no shield)
rNeg    . . .        b - +0 animal skin
rPois   .            (helmet restricted)
rElec   .            (no cloak)
rCorr   .            (no gloves)
SInv    .            (no boots)
Will    .....        (no amulet)
Stlth   ++           (no ring)
HPRegen 0.33/turn    (no ring)
MPRegen 0.10/turn

%: no teleportation
@: no status effects
A: horns 2, retaliatory headbutt
a: Renounce Religion, Berserk, Trog's Hand


You were in the Dungeon.
You worshipped Trog.
Trog was most pleased with you.
You visited 1 branch You collected 413 gold pieces.
You spent 96 gold pieces at shops.

Inventory:

Hand Weapons
 a - a +0 mace (weapon)
Armour
 b - a +0 animal skin (worn)
Wands
 i - a wand of roots (6)
Scrolls
 h - a scroll of blinking
 j - a scroll of vulnerability {unknown}
Potions
 c - 2 potions of curing
 d - 2 potions of heal wounds
 e - a potion of haste
 f - 2 potions of magic
 g - a potion of berserk rage


   Skills:
 + Level 12.8 Fighting
 + Level 13.8 Maces & Flails
 + Level 6.4 Armour
 + Level 5.9 Dodging
 + Level 3.6 Stealth


You had 6 spell levels left.
You didn't know any spells.
Your spell library was empty.

Dungeon Overview and Level Annotations

Branches:
Dungeon (1/1)

Altars:
Cheibriados
Dithmenos
Elyvilon
Fedhas
Gozag
Hepliaklqana
Kikubaaqudgha
Makhleb
Nemelex Xobeh
Okawaru
Qazlal
Ru
Sif Muna
Trog
Uskayaw
Vehumet
Wu Jian
Xom
Yredelemnul
Zin
The Shining One
Jiyva
Lugonu

Shops:
D !


Innate Abilities, Weirdness & Mutations

You have a pair of horns on your head.
You reflexively headbutt those who attack you in melee.


Message History

You closely miss the kobold demonologist.
The kobold demonologist is severely wounded.
The kobold demonologist closely misses you.
The kobold demonologist hits you with a +0 dagger.
Unknown command.
You sock the kobold demonologist!
The kobold demonologist is almost dead.
Unknown command.
You closely miss the kobold demonologist.
Your headbutt misses the kobold demonologist.
The kobold demonologist is almost dead.
The kobold demonologist casts a cantrip, but nothing happens.
The kobold demonologist completely misses you.
You furiously retaliate!
You headbutt the kobold demonologist!
Unknown command.
You hit the kobold demonologist but do no damage.
The kobold demonologist is almost dead.
The kobold demonologist mumbles some strange words.
The kobold demonologist hits you with a +0 dagger.
Unknown command.
You hit the kobold demonologist.
You kill the kobold demonologist!
Trog accepts your kill.
Trog appreciates your killing of a magic user.
The kobold demonologist hits you with a +0 dagger.
Unknown command.
You barely miss the kobold demonologist.
The kobold demonologist is moderately wounded.
Unknown command.
You barely miss the kobold demonologist.
The kobold demonologist is moderately wounded.
The sixfirhy completely misses you. You furiously retaliate!
You headbutt the sixfirhy, but do no damage.
The sixfirhy hits you! The sixfirhy shocks you!
* * * LOW HITPOINT WARNING * * *
The kobold demonologist hits you but does no damage.
The sixfirhy hits you!
* * * LOW HITPOINT WARNING * * *
The sixfirhy shocks you!
You die...

#####################
.)..#..'..#__#..@35.#
.#..)..#..'..'..#K.5#
###'#####'#__####...+
##..#...#:#### ####
_####..##.#
____##'#_.+
.∩..†'..._#
..__##_.#'#
____###+#.#


You could see a kobold demonologist, a sixfirhy (summoned), an iron imp
(summoned) and a white imp (summoned).

Vanquished Creatures
  A kobold demonologist (D)
  Sigmund (D)
  A slime creature (D)
  A yak (D)
  A floating eye (D)
  An ogre (D)
  A jelly (D)
  Ijyb (D)
8 creatures vanquished.

Notes
Turn   | Place    | Note
-------+----------+-------------------------------------------
     0 | D        | sircluck the Minotaur Berserker began the quest for the
                  | Orb.
     0 | D        | Reached XP level 1. HP: 19/19 MP: 0/0
     1 | D        | Noticed Ijyb
    10 | D        | HP: 1/28 [Ijyb/+0 dagger (2)]
    12 | D        | Killed Ijyb
    13 | D        | Reached skill level 5 in Fighting
    13 | D        | Reached skill level 5 in Maces & Flails
    13 | D        | Reached XP level 2. HP: 2/29 MP: 1/1
   217 | D        | Noticed an ogre
   222 | D        | Killed an ogre
   223 | D        | Reached skill level 8 in Maces & Flails
   223 | D        | Reached XP level 3. HP: 39/39 MP: 2/2
   223 | D        | Reached XP level 4. HP: 47/47 MP: 3/3
   269 | D        | Noticed Sigmund
   286 | D        | Killed Sigmund
   286 | D        | Reached ** piety under Trog
   287 | D        | Reached skill level 10 in Maces & Flails
   287 | D        | Reached skill level 5 in Armour
   287 | D        | Reached skill level 1 in Stealth
   287 | D        | Reached XP level 5. HP: 37/57 MP: 4/4
   366 | D        | Found an ornate altar of the Wu Jian Council.
   366 | D        | Found a shimmering blue altar of Sif Muna.
   368 | D        | Found a radiant altar of Vehumet.
   374 | D        | Reached XP level 6. HP: 63/66 MP: 5/5
   405 | D        | Found Cafeur's Distillery.
   405 | D        | Found an ancient bone altar of Kikubaaqudgha.
   405 | D        | Found a hazy altar of Hepliaklqana.
   405 | D        | Found a hide-covered altar of Uskayaw.
   405 | D        | Found a basalt altar of Yredelemnul.
   405 | D        | Found an opulent altar of Gozag.
   405 | D        | Found a snail-covered altar of Cheibriados.
   405 | D        | Found a sacrificial altar of Ru.
   405 | D        | Found a shadowy altar of Dithmenos.
   405 | D        | Noticed a yak
   406 | D        | Found a stormy altar of Qazlal.
   406 | D        | Found a blossoming altar of Fedhas.
   406 | D        | Found a bloodstained altar of Trog.
   406 | D        | Found an iron altar of Okawaru.
   406 | D        | Found a glowing golden altar of the Shining One.
   406 | D        | Found a glowing silver altar of Zin.
   406 | D        | Found a white marble altar of Elyvilon.
   416 | D        | Killed a yak
   417 | D        | Reached skill level 10 in Fighting
   417 | D        | Reached skill level 11 in Maces & Flails
   417 | D        | Reached skill level 5 in Dodging
   417 | D        | Found a sparkling altar of Nemelex Xobeh.
   421 | D        | Bought a potion of heal wounds for 60 gold pieces
   421 | D        | Bought a potion of curing for 36 gold pieces
   562 | D        | Found a burning altar of Makhleb.
   562 | D        | Found a viscous altar of Jiyva.
   562 | D        | Found a shimmering altar of Xom.
   562 | D        | Found a corrupted altar of Lugonu.
   562 | D        | Noticed a slime creature
   575 | D        | Killed a slime creature
   576 | D        | Reached skill level 12 in Maces & Flails
   576 | D        | Reached XP level 7. HP: 36/74 MP: 6/6
   731 | D        | Noticed a kobold demonologist
   731 | D        | Noticed a kobold demonologist
   734 | D        | Reached *** piety under Trog
   735 | D        | Reached skill level 13 in Maces & Flails
   750 | D        | Noticed a sixfirhy
   750 | D        | Killed a kobold demonologist
   752 | D        | Slain by a sixfirhy

Illustrated notes

Levels and vault maps discovered:
D:        dungeon_sprint_1 [red_sonja_temple_1, red_sonja_temple_small_1]

Skill      XL: |  1  2  3  4  5  6  7 |
---------------+----------------------+-----
Fighting       | 5 7 9 11 12 | 12.8
Maces & Flails | 5 8 10 12 13 | 13.8
Armour         | 3 4 5 6 |  6.4
Dodging        | 3 4 5 |  5.9
Stealth        | 1 2 3 |  3.6

Action                     |  1- 3 |  4- 6 |  7- 9 || total
---------------------------+-------+-------+-------++-------
  Melee: Mace              |    13 |    33 |    20 ||    66
         Headbutt          |     1 |     8 |     2 ||    11
 Invoke: Berserk           |     2 |     2 |       ||     4
   Stab: Sleeping          |       |     3 |       ||     3
 Armour: Animal skin       |     1 |       |     3 ||     4
  Dodge: Dodged            |     3 |    11 |     5 ||    19

Table legend: (Time is in decaauts)
 A = Elapsed time spent in this place.
 B = Non-inter-level travel time spent in this place.
 C = Inter-level travel time spent in this place.
 D = Time resting spent in this place.
 E = Time spent auto-exploring this place.
 F = Levels seen in this place.
 G = Mean time per level.
                   A        B        C        D        E       F      G
               +--------+--------+--------+--------+--------+-----+--------+
         Total |    785 |    755 |     30 |    533 |     95 |   1 |  785.0 |
       Dungeon |    785 |    755 |     30 |    533 |     95 |   1 |  785.0 |
               +--------+--------+--------+--------+--------+-----+--------+

Top non-repeatable levels by time:
       D: 785 daAuts
